 Dungeon Crawl Stone Soup version 0.30.1-11-g7821555f0a (webtiles) character file.

Game seed: 16444300342730404096

29 comborobin the Shooter (level 3, 22/22 HPs)
             Began as a Kobold Hunter on Nov 16, 2023.
             Quit the game on level 1 of the Dungeon.
             The game lasted 00:00:45 (667 turns).

comborobin the Shooter (Kobold Hunter)               Turns: 667, Time: 00:00:46

Health: 22/22      AC:  8    Str:  8    XL:     3   Next: 32%
Magic:  3/3        EV: 15    Int: 10    God:
Gold:   37         SH:  0    Dex: 20    Spells: 2/2 levels left

rFire   . . .        a - +0 shortbow
rCold   . . .        (shield currently unavailable)
rNeg    . . .        c - +0 leather armour
rPois   .            (no helmet)
rElec   .            (no cloak)
rCorr   .            g - +0 pair of gloves
SInv    .            (no boots)
Will    .....        (no amulet)
Stlth   +++          l - +4 ring of protection
HPRegen 0.23/turn    (no ring)
MPRegen 0.08/turn

%: no passive effects
@: no status effects
A: small, no large weapons, nightstalker 3
a: no special abilities


You were on level 1 of the Dungeon.
You visited 1 branch of the dungeon, and saw 1 of its levels.

You collected 37 gold pieces.

Inventory:

Hand Weapons
 a - a +0 shortbow (weapon)
Armour
 c - a +0 leather armour (worn)
 g - a +0 pair of gloves (worn)
Jewellery
 h - a ring of willpower
 l - a +4 ring of protection (left hand)
Scrolls
 b - a scroll of immolation
 d - a scroll of torment {unknown}
 f - a scroll of silence {unknown}
 m - a scroll of acquirement {unknown}
Potions
 e - a potion of brilliance {unknown}
 i - a potion of mutation {unknown}
 j - 2 potions of heal wounds {unknown}
 k - a potion of ambrosia {unknown}


   Skills:
 + Level 2.6 Fighting
 + Level 5.6 Ranged Weapons
 + Level 3.0 Dodging
 + Level 2.4 Stealth


You had 2 spell levels left.
You didn't know any spells.
Your spell library was empty.

Dungeon Overview and Level Annotations

Branches:
Dungeon (1/15)

Altars:


Innate Abilities, Weirdness & Mutations

You are small and have problems with some larger weapons.
You are completely attuned to the shadows.


Message History

You see here a jackal corpse.
You see here a jackal skeleton.
You see here a jackal corpse.
You see here a hobgoblin corpse.
A quokka comes into view.
Found a garnet ring.
You see here 2 lumpy blue potions.
A quokka is nearby!
A quokka is nearby!
(D) Dungeon
Where to? (Enter - D:2, ? - help)
A quokka is nearby!
A quokka is nearby!
You shoot an arrow. The arrow hits the quokka!
You kill the quokka!
You hear a shout!
A goblin comes into view. It is wielding a +0 dagger.
You shoot an arrow. The arrow hits the goblin!
You kill the goblin!
No target in view!
No target in view!
j - 2 lumpy blue potions A rat comes into view.
A rat is nearby!
A rat is nearby!
You shoot an arrow. The arrow barely misses the rat.
You shoot an arrow. The arrow hits the rat!
You kill the rat!
No target in view!
No target in view!
k - a ruby potion
l - a +4 ring of protection You open the door.
There is an open door here.
m - a scroll labelled GUBIQY BENOD Unknown command.
Unknown command.
l - a +4 ring of protection (left hand)
Enter note: Are you sure you want to abandon this character and quit the game? (Confirm with "yes".)

##. ## #.# #.# #.#
#.# #@# #.# #.#
#.################
#.................
##################


There were no monsters in sight!

Vanquished Creatures
  A gnoll (D:1)
  An endoplasm (D:1)
  5 goblins (D:1)
  2 hobgoblins (D:1)
  3 jackals (D:1)
  A quokka (D:1)
  A ball python (D:1)
  A frilled lizard (D:1)
  A rat (D:1)
16 creatures vanquished.

Notes
Turn   | Place    | Note
-------+----------+-------------------------------------------
     0 | D:1      | comborobin the Kobold Hunter began the quest for the Orb.
     0 | D:1      | Reached XP level 1. HP: 12/12 MP: 1/1
   185 | D:1      | Reached XP level 2. HP: 15/18 MP: 2/2
   358 | D:1      | Reached XP level 3. HP: 16/22 MP: 3/3
   667 | D:1      | Quit the game

Illustrated notes

Levels and vault maps discovered:
D:1:      saegor_arrival_fortress, layout_basic

Skill      XL: |  1  2  3 |
---------------+----------+-----
Stealth        | 2 |  2.4
Dodging        | 3 |  3.0
Fighting       | |  2.6
Ranged Weapons | |  5.6

Action                     || total
---------------------------++-------
   Fire: Shortbow          ||    37
 Armour: Leather armour    ||     1
  Dodge: Dodged            ||     9
